[Event "Titled Tuesday Blitz May 30 Early 2023"]
[White "Alexikov, Alexander"]
[Black "Camilla_Lee"]
[WhiteFideId "14103958"]
[WhiteElo "2186"]
[BlackElo "2635"]
[Result "0-1"]
[Round "11"]
[TimeControl "180+2"]
[Date "2023.05.30"]
[WhiteClock "0:00:00"]
[BlackClock "0:00:55"]

1. e4 e5 2. Nf3 Nc6 3. c3 d5 4. Qa4 Qd6 5. Bb5 Bd7 6. d4 dxe4 7. Nxe5 Nf6 8. Nxd7 Qxd7 9. Bf4 Be7 10. Nd2 O-O 11. O-O Nd5 12. Bg3 e3 13. Nf3 exf2+ 14. Rxf2 Bf6 15. Ne5 Bxe5 16. Bxe5 a6 17. Bxc6 Qxc6 18. Qxc6 bxc6 19. Re2 Rfe8 20. Rae1 f6 21. Bg3 Kf7 22. a3 Rxe2 23. Rxe2 Re8 24. Rxe8 Kxe8 25. c4 Ne3 26. b3 Kd7 27. Bf2 Nc2 28. a4 Na1 29. b4 Nc2 30. b5 cxb5 31. cxb5 axb5 32. axb5 Na3 33. Kf1 Nxb5 34. Ke2 Kd6 35. Kd3 Kd5 36. g4 c6 37. h4 Nd6 38. h5 f5 39. gxf5 Nxf5 40. Bg1 Ng3 41. h6 gxh6 42. Bh2 Nf5 43. Bg1 h5 44. Bf2 h4 45. Bg1 h3 46. Kc3 Nxd4 47. Kd3 Nf3 0-1


[Site "https://www.chess.com"]

[Event "Titled Tuesday Blitz May 30 Early 2023"]
[White "Weishaeutel, Moritz"]
[Black "KorolDimitriy75"]
[WhiteFideId "12967300"]
[WhiteElo "2301"]
[BlackElo "2415"]
[Result "1/2-1/2"]
[Round "11"]
[TimeControl "180+2"]
[Date "2023.05.30"]
[WhiteClock "0:00:19"]
[BlackClock "0:00:17"]

1. e4 c5 2. d4 cxd4 3. c3 d5 4. exd5 Qxd5 5. cxd4 Nc6 6. Nf3 e5 7. Nc3 Bb4 8. Bd2 Bxc3 9. Bxc3 e4 10. Ne5 Nxe5 11. dxe5 Ne7 12. Qxd5 Nxd5 13. Bb5+ Bd7 14. O-O-O Bxb5 15. Rxd5 Bc6 16. Rd6 O-O 17. Rhd1 Rfe8 18. Kd2 Re6 19. Ke3 Rae8 20. f4 exf3 21. gxf3 f6 22. f4 fxe5 23. Bxe5 Kf7 24. Kf2 g5 25. Rxe6 Rxe6 26. Bb8 gxf4 27. Bxa7 f3 28. Be3 Rg6 29. Rg1 Rg2+ 30. Rxg2 fxg2 31. Ke2 Ke6 32. Kd3 Kf5 33. Ke2 Kg4 34. Kf2 h5 35. Bb6 h4 36. Bd8 Kh3 37. Bc7 1/2-1/2


[Site "https://www.chess.com"]

[Event "Titled Tuesday Blitz May 30 Early 2023"]
[White "Szyszylo, Rafal"]
[Black "Piesik, Piotr"]
[WhiteFideId "1109626"]
[BlackFideId "1136194"]
[WhiteElo "1951"]
[BlackElo "2299"]
[Result "1-0"]
[Round "11"]
[TimeControl "180+2"]
[Date "2023.05.30"]
[WhiteClock "0:00:06"]
[BlackClock "0:00:38"]

1. e4 g6 2. d4 Bg7 3. Nc3 c6 4. Be3 d5 5. Qd2 dxe4 6. Nxe4 Nf6 7. Nxf6+ Bxf6 8. O-O-O Be6 9. Kb1 Nd7 10. h4 h5 11. Nh3 Nb6 12. Ng5 Bc4 13. b3 Bxf1 14. Rhxf1 Nd5 15. Ne4 Bxh4 16. g3 Bf6 17. Nxf6+ exf6 18. c4 Nxe3 19. Qxe3+ Qe7 20. Qf4 O-O-O 21. Rfe1 Qd6 22. Qf3 Rhe8 23. Rxe8 Rxe8 24. d5 c5 25. Qc3 b6 26. Rd3 Qe5 27. Qc2 Qe2 28. Rd2 Qf1+ 29. Kb2 Qe1 30. b4 Qe5+ 31. Kb3 Qd6 32. a3 f5 33. Re2 Kd8 34. Rxe8+ Kxe8 35. Qe2+ Kd7 36. Qe3 Qe7 37. Qf4 Qe2 38. bxc5 Qd1+ 39. Kc3 bxc5 40. Qb8 Qd4+ 41. Kb3 Qd3+ 42. Kb2 Qd2+ 43. Kb3 Qd1+ 44. Kb2 Qe2+ 45. Kb3 Qf3+ 46. Ka4 Qd1+ 47. Ka5 Qd2+ 48. Ka6 Qxf2 49. Qxa7+ Ke8 50. Qb8+ Ke7 51. Qc7+ Kf6 52. d6 Qd4 53. d7 Qxc4+ 54. Kb7 Qe4+ 55. Qc6+ Ke7 56. Qxe4+ fxe4 57. Kc7 1-0


[Site "https://www.chess.com"]

[Event "Titled Tuesday Blitz May 30 Early 2023"]
[White "Ambartsumova, Karina"]
[Black "Fiedorek, Michal"]
[WhiteFideId "4166299"]
[BlackFideId "1199528"]
[WhiteElo "2240"]
[BlackElo "2135"]
[Result "1-0"]
[Round "11"]
[TimeControl "180+2"]
[Date "2023.05.30"]
[WhiteClock "0:00:47"]
[BlackClock "0:00:00"]

1. e4 c5 2. d4 cxd4 3. c3 dxc3 4. Nxc3 Nc6 5. Nf3 d6 6. Bc4 Nf6 7. e5 dxe5 8. Qxd8+ Nxd8 9. Nb5 Rb8 10. Nxe5 e6 11. Be3 Bb4+ 12. Ke2 O-O 13. a3 Be7 14. Bxa7 Ra8 15. Bb6 Nd7 16. Nxd7 Bxd7 17. Rhd1 Bc6 18. f3 e5 19. Nc7 Rc8 20. Rac1 Kh8 21. b4 g6 22. b5 Be8 23. a4 Kg7 24. Nxe8+ Rxe8 25. Rd7 1-0


[Site "https://www.chess.com"]

[Event "Titled Tuesday Blitz May 30 Early 2023"]
[White "Do Nascimento,Christian Almeida"]
[Black "Herzog2012"]
[WhiteFideId "2143801"]
[WhiteElo "2118"]
[BlackElo "2403"]
[Result "1-0"]
[Round "11"]
[TimeControl "180+2"]
[Date "2023.05.30"]
[WhiteClock "0:00:42"]
[BlackClock "0:00:01"]

1. e4 c5 2. Nf3 Nc6 3. Bb5 g6 4. O-O Bg7 5. c3 Nf6 6. Re1 O-O 7. d4 d5 8. e5 Ne4 9. Bd3 cxd4 10. cxd4 Bg4 11. Be3 f6 12. exf6 exf6 13. h3 Bxf3 14. Qxf3 f5 15. Qd1 Nxd4 16. Bxd4 Bxd4 17. Bxe4 dxe4 18. Qb3+ Rf7 19. Nc3 Qb6 20. Qxb6 axb6 21. Red1 Rd7 22. Kf1 Rad8 23. Rac1 Kf7 24. Ke2 Ke6 25. Rc2 Bc5 26. Rxd7 Rxd7 27. Na4 Kd6 28. Rd2+ Kc6 29. Rc2 Rd5 30. b4 Rd4 31. a3 Kd7 32. Nxc5+ bxc5 33. Rxc5 b6 34. Rc3 b5 35. f3 exf3+ 36. Kxf3 Rd5 37. Ke3 Kd6 38. Rc8 Re5+ 39. Kf3 Ke7 40. Rc7+ Kf6 41. Rxh7 Rd5 42. Ra7 Rd3+ 43. Kf2 Kg5 44. Ra5 Kf4 45. Rxb5 Rxa3 46. Rc5 Ra2+ 47. Kg1 Rb2 48. Rc4+ Kg3 49. Rc3+ Kh4 50. Rc6 g5 51. Kh2 f4 52. Rh6# 1-0


[Site "https://www.chess.com"]

[Event "Titled Tuesday Blitz May 30 Early 2023"]
[White "Belov, Alexei"]
[Black "Toktomushev, Teimur"]
[WhiteFideId "4128206"]
[BlackFideId "14176726"]
[WhiteElo "2523"]
[BlackElo "2116"]
[Result "1-0"]
[Round "11"]
[TimeControl "180+2"]
[Date "2023.05.30"]
[WhiteClock "0:00:34"]
[BlackClock "0:00:02"]

1. e4 c5 2. Nf3 e6 3. d4 cxd4 4. Nxd4 a6 5. Nc3 b5 6. Be2 Bb7 7. Bf3 Nc6 8. Nxc6 Bxc6 9. O-O Qc7 10. Re1 Bd6 11. h3 Ne7 12. Qe2 O-O 13. a3 Ng6 14. g3 f5 15. exf5 Rxf5 16. Bxc6 Qxc6 17. Qe4 Bc5 18. Be3 Bxe3 19. Rxe3 Rc8 20. Qxc6 Rxc6 21. f4 h5 22. h4 Kf7 23. Rd1 d5 24. Rd2 Ne7 25. Ne2 Rc4 26. Nd4 Rf6 27. Nf3 Nc6 28. b3 Rc5 29. Rde2 Ke7 30. c3 Kd7 31. Ng5 Nd8 32. Rd2 Rc6 33. Nf3 Nf7 34. f5 Rxf5 35. Nd4 Nd6 36. Nxc6 Kxc6 37. Rxe6 Rf3 38. c4 bxc4 39. bxc4 Rxg3+ 40. Kh2 Rg4 41. Rxd5 Rxh4+ 42. Kg3 Rg4+ 43. Kf3 Rxc4 44. Rdxd6+ Kb5 45. Rb6+ Ka4 46. Rb4+ Rxb4 47. axb4 Kxb4 48. Rxa6 1-0


[Site "https://www.chess.com"]

[Event "Titled Tuesday Blitz May 30 Early 2023"]
[White "Korpics, Zsolt"]
[Black "Horak, Martin"]
[WhiteFideId "705241"]
[BlackFideId "367095"]
[WhiteElo "2359"]
[BlackElo "2091"]
[Result "1-0"]
[Round "11"]
[TimeControl "180+2"]
[Date "2023.05.30"]
[WhiteClock "0:00:22"]
[BlackClock "0:00:51"]

1. e4 c5 2. Nc3 Nc6 3. Nf3 Nf6 4. d4 cxd4 5. Nxd4 e5 6. Ndb5 d6 7. Bg5 a6 8. Na3 b5 9. Nd5 Be7 10. Bxf6 Bxf6 11. c4 b4 12. Nc2 O-O 13. g3 a5 14. Bg2 Bg5 15. O-O Be6 16. Qd3 Qb8 17. f4 Bd8 18. Rad1 Bxd5 19. Qxd5 Bb6+ 20. Kh1 Nd4 21. Ne3 b3 22. axb3 Bc5 23. fxe5 Nxb3 24. Ng4 dxe5 25. Nxe5 Qc7 26. Nxf7 Ra7 27. Ng5+ Kh8 28. Rxf8+ Bxf8 29. Rf1 Bc5 30. Nf7+ Kg8 31. Nh6+ Kh8 32. Qg8# 1-0


[Site "https://www.chess.com"]

[Event "Titled Tuesday Blitz May 30 Early 2023"]
[White "Makhmudov, Shukhrat"]
[Black "Yurasova, Daria"]
[WhiteFideId "14200775"]
[BlackFideId "34146919"]
[WhiteElo "2135"]
[BlackElo "2109"]
[Result "0-1"]
[Round "11"]
[TimeControl "180+2"]
[Date "2023.05.30"]
[WhiteClock "0:00:11"]
[BlackClock "0:01:04"]

1. e4 e5 2. Nf3 Nc6 3. Bb5 a6 4. Ba4 Nf6 5. O-O b5 6. Bb3 Be7 7. Bd5 Bb7 8. d3 O-O 9. a4 d6 10. axb5 axb5 11. Rxa8 Qxa8 12. Bb3 Nd8 13. Bg5 c5 14. Nbd2 Ne6 15. Qa1 Qc8 16. Bh4 Nf4 17. Re1 Bc6 18. h3 Bd7 19. Qa7 Bd8 20. Bg3 N6h5 21. Bh2 Bxh3 22. g3 Qg4 23. Qa1 Bb6 24. Qd1 c4 25. d4 cxb3 26. c4 exd4 27. cxb5 d3 28. Nc4 Nxg3 29. Bxg3 Qxg3+ 30. Kh1 Qg2# 0-1


[Site "https://www.chess.com"]

[Event "Titled Tuesday Blitz May 30 Early 2023"]
[White "Santos Flores, Alberto"]
[Black "Koridze, Lile"]
[WhiteFideId "3601234"]
[BlackFideId "13612514"]
[WhiteElo "2235"]
[BlackElo "2047"]
[Result "1-0"]
[Round "11"]
[TimeControl "180+2"]
[Date "2023.05.30"]
[WhiteClock "0:02:10"]
[BlackClock "0:01:58"]

1. e4 c5 2. Nf3 d6 3. d4 cxd4 4. Nxd4 Nf6 5. Nc3 a6 6. Be3 e5 7. Nb3 Be7 8. f3 O-O 9. g4 Be6 10. g5 Nfd7 11. Qd2 b5 12. O-O-O Nc6 13. Kb1 Nc5 14. Nd5 Rc8 15. h4 Nb8 16. Nxe7+ Qxe7 17. Qxd6 Rfd8 18. Qxe7 Rxd1+ 19. Nc1 Rd7 20. Qxc5 Rxc5 21. Bxc5 Nc6 22. Be2 f6 23. Rd1 Nd4 24. gxf6 gxf6 25. c3 Nxe2 26. Rxd7 Nxc3+ 27. bxc3 Bxd7 28. Nd3 Kf7 29. Nb4 Bc8 30. Kb2 f5 31. Nc6 fxe4 32. fxe4 Bb7 33. Nd8+ 1-0


[Site "https://www.chess.com"]

[Event "Titled Tuesday Blitz May 30 Early 2023"]
[White "Rose, Felix"]
[Black "Avazkhonov, Alikhon"]
[WhiteFideId "5105722"]
[BlackFideId "14208504"]
[WhiteElo "2039"]
[BlackElo "1739"]
[Result "1-0"]
[Round "11"]
[TimeControl "180+2"]
[Date "2023.05.30"]
[WhiteClock "0:01:11"]
[BlackClock "0:00:16"]

1. d4 Nf6 2. Nf3 e6 3. e3 b6 4. Bd3 Bb7 5. Nbd2 d5 6. O-O Bd6 7. Qe2 O-O 8. e4 dxe4 9. Nxe4 Nxe4 10. Bxe4 Bxe4 11. Qxe4 Nd7 12. Bg5 Nf6 13. Qh4 Be7 14. Rad1 Qd5 15. b3 h6 16. Bc1 Qf5 17. c4 Rfd8 18. Ne5 Qe4 19. Qxe4 Nxe4 20. Nc6 Re8 21. Nxe7+ Rxe7 22. Bb2 c5 23. f3 Ng5 24. dxc5 bxc5 25. Rd6 Rc8 26. Rfd1 Rec7 27. Rd8+ Rxd8 28. Rxd8+ Kh7 29. h4 1-0


[Site "https://www.chess.com"]

[Event "Titled Tuesday Blitz May 30 Early 2023"]
[White "rikchessmx"]
[Black "Heinemann, Josefine"]
[BlackFideId "12900460"]
[WhiteElo "2318"]
[BlackElo "2342"]
[Result "1-0"]
[Round "11"]
[TimeControl "180+2"]
[Date "2023.05.30"]
[WhiteClock "0:02:28"]
[BlackClock "0:02:42"]

1. e4 c5 2. Nf3 d6 3. d4 cxd4 4. Nxd4 Nf6 5. Nc3 g6 6. f4 Bg7 7. e5 dxe5 8. fxe5 Nd5 9. Bb5+ Kf8 10. O-O Nxc3 11. Ne6+ 1-0


[Site "https://www.chess.com"]

[Event "Titled Tuesday Blitz May 30 Early 2023"]
[White "Jiganchine, Roman"]
[Black "Mayeregger, Arnold"]
[WhiteFideId "2603667"]
[BlackFideId "3705226"]
[WhiteElo "2315"]
[BlackElo "2038"]
[Result "0-1"]
[Round "11"]
[TimeControl "180+2"]
[Date "2023.05.30"]
[WhiteClock "0:00:00"]
[BlackClock "0:01:52"]

1. e4 c5 2. Nf3 Nc6 3. Bb5 g6 4. O-O Bg7 5. Re1 e5 6. Nc3 Nge7 7. a4 O-O 8. d3 h6 9. h3 d6 10. Nh2 f5 11. Bc4+ Kh7 12. exf5 Nxf5 13. Bd5 Bd7 14. Ng4 a6 15. Ne3 Nfd4 16. Ne4 Qe7 17. c3 Ne6 18. Ng3 Nf4 19. Be4 Kh8 20. Nd5 Qh4 21. Bxf4 exf4 22. Nh1 Qg5 23. Kh2 f3 0-1


[Site "https://www.chess.com"]

[Event "Titled Tuesday Blitz May 30 Early 2023"]
[White "Blokhin, Sofia"]
[Black "Zheenbekov, Nurgazy"]
[WhiteFideId "4508190"]
[BlackFideId "13800485"]
[WhiteElo "1994"]
[BlackElo "1975"]
[Result "1/2-1/2"]
[Round "11"]
[TimeControl "180+2"]
[Date "2023.05.30"]
[WhiteClock "0:00:10"]
[BlackClock "0:00:09"]

1. e4 e5 2. Bc4 Nf6 3. d3 Nc6 4. Nf3 Be7 5. O-O O-O 6. c3 d6 7. b4 a6 8. a4 h6 9. Bb3 Nh7 10. Nbd2 Ng5 11. Nxg5 Bxg5 12. Nc4 Bxc1 13. Rxc1 Ne7 14. Ne3 Ng6 15. g3 Kh7 16. Qh5 Qg5 17. Qxg5 hxg5 18. Nd5 c6 19. Nb6 Rb8 20. Nxc8 Rbxc8 21. d4 f6 22. Be6 Rcd8 23. Bf5 Kh6 24. Bxg6 Kxg6 25. f4 exf4 26. gxf4 Rfe8 27. f5+ Kf7 28. Rce1 Rh8 29. Rf3 Rde8 30. Rfe3 Rh4 31. Kg2 Reh8 32. h3 g4 33. Rh1 R8h5 34. a5 Rg5 35. Kg3 Rh6 36. h4 Rgh5 37. Kxg4 Rh8 38. Reh3 g6 39. fxg6+ Kxg6 40. Kf4 Kf7 41. c4 Ke6 42. d5+ Kd7 43. Rg1 R8h7 44. Rg6 Rxh4+ 45. Rxh4 Rxh4+ 46. Kf5 Rh5+ 47. Kxf6 Re5 48. Rg7+ Kc8 49. dxc6 bxc6 50. Re7 Rh5 51. Ke6 Rh6+ 52. Kf5 Rh5+ 53. Kf4 Rh3 54. Ra7 Rc3 55. Rxa6 Rxc4 56. Rb6 d5 57. Kf5 dxe4 58. Kf4 Kc7 59. Ke3 Kc8 60. a6 Kc7 61. Rb7+ Kc8 62. b5 cxb5 63. Rxb5 Ra4 64. Rb6 Kc7 65. Rb7+ Kc6 66. Rb8 Rxa6 67. Kxe4 Ra4+ 68. Ke5 Ra5+ 69. Ke4 Ra4+ 70. Ke5 Ra5+ 71. Ke4 Ra4+ 1/2-1/2


[Site "https://www.chess.com"]

[Event "Titled Tuesday Blitz May 30 Early 2023"]
[White "Andreev, Konstantin"]
[Black "Pg, Mohd Omar Ak Hira"]
[WhiteFideId "24239305"]
[BlackFideId "10500103"]
[WhiteElo "2106"]
[BlackElo "2167"]
[Result "1-0"]
[Round "11"]
[TimeControl "180+2"]
[Date "2023.05.30"]
[WhiteClock "0:00:22"]
[BlackClock "0:00:04"]

1. e4 c5 2. Nf3 e6 3. d4 cxd4 4. Nxd4 a6 5. Bd3 Nc6 6. Nxc6 bxc6 7. O-O d5 8. e5 Ne7 9. f4 Qb6+ 10. Kh1 Ng6 11. Nc3 Be7 12. b3 c5 13. Qf3 Bb7 14. Qg3 Qb4 15. Bd2 Qb6 16. f5 exf5 17. Bxf5 Qc7 18. Rae1 O-O 19. e6 Qxg3 20. hxg3 f6 21. Na4 Ne5 22. Nb6 Rad8 23. Nd7 Bd6 24. Nxf8 Rxf8 25. Bf4 Re8 26. Re2 Bc8 27. Rd1 g6 28. Bh3 Bb7 29. Bg4 Kf8 30. Bf3 Rxe6 31. Bxd5 Bxd5 32. Rxd5 Ke7 33. Bxe5 Bxe5 34. Rxc5 Rd6 35. Kh2 h5 36. c4 h4 37. Rd5 hxg3+ 38. Kh3 Rc6 39. Kg4 Rc8 40. Rdxe5+ fxe5 41. Rxe5+ Kf6 42. Ra5 Rc6 43. Kxg3 Ke6 44. Kf4 Kd7 45. Ke5 Re6+ 46. Kd5 Rf6 47. b4 Kc7 48. Ra3 Rf5+ 49. Ke6 Kb7 50. Rg3 Rf2 51. a3 Ra2 52. Kd6 g5 53. Kc5 a5 54. Rxg5 a4 55. Rg7+ Kc8 56. Kc6 Kd8 57. b5 Rxa3 58. b6 Rb3 59. b7 a3 60. Rg8+ Ke7 61. b8=Q Rxb8 62. Rxb8 a2 63. Ra8 1-0


[Site "https://www.chess.com"]

[Event "Titled Tuesday Blitz May 30 Early 2023"]
[White "Samaganova, Aleksandra"]
[Black "Sai Han Thiha"]
[WhiteFideId "13800221"]
[BlackFideId "13012290"]
[WhiteElo "1858"]
[BlackElo "1954"]
[Result "0-1"]
[Round "11"]
[TimeControl "180+2"]
[Date "2023.05.30"]
[WhiteClock "0:00:05"]
[BlackClock "0:00:09"]

1. c4 Nf6 2. Nc3 g6 3. g3 Bg7 4. Bg2 O-O 5. e3 e5 6. Nge2 c6 7. d4 exd4 8. exd4 d5 9. Bg5 dxc4 10. O-O h6 11. Bf4 Be6 12. Qd2 g5 13. Be5 Nbd7 14. Bd6 Re8 15. Rad1 Nb6 16. Be5 Nbd5 17. Rfe1 Qd7 18. Na4 b6 19. Rc1 Ne7 20. Nec3 Ng6 21. Qe2 Nxe5 22. dxe5 Nd5 23. Ne4 Qe7 24. Nd6 Red8 25. Nxc4 b5 26. Na5 bxa4 27. Nxc6 Qe8 28. Nxd8 Rxd8 29. Qa6 Rb8 30. Re2 Qe7 31. Rd2 Rb6 32. Qxa4 Nb4 33. a3 Na2 34. Rcd1 Bxe5 35. Qe4 Kg7 36. Qe2 Qf6 37. Re1 Bxb2 38. Rb1 Nc3 39. Qf1 Nxb1 40. Qxb1 Bc3 41. Qd1 Bxd2 42. Qxd2 Rb1+ 43. Bf1 Qa1 44. Kg2 Rxf1 45. Kf3 Rd1 46. Qe3 Bd5+ 47. Kg4 Qd4+ 48. Qxd4+ Rxd4+ 49. f4 Ra4 50. Kh5 gxf4 51. h3 Rxa3 52. g4 Rxh3# 0-1


[Site "https://www.chess.com"]

[Event "Titled Tuesday Blitz May 30 Early 2023"]
[White "Barbot, Pierre"]
[Black "zano2023"]
[WhiteFideId "663727"]
[WhiteElo "2431"]
[BlackElo "2179"]
[Result "1-0"]
[Round "11"]
[TimeControl "180+2"]
[Date "2023.05.30"]
[WhiteClock "0:00:04"]
[BlackClock "0:00:04"]

1. d4 e5 2. dxe5 d6 3. exd6 Bxd6 4. Nf3 Bg4 5. g3 Nc6 6. Bg2 Qe7 7. O-O O-O-O 8. Qe1 Nf6 9. Nc3 h6 10. Nb5 Bc5 11. Bf4 Nd5 12. Rd1 Nxf4 13. gxf4 a6 14. Nc3 Rxd1 15. Qxd1 Rd8 16. Nd5 Qe6 17. c4 g5 18. fxg5 Bh3 19. Qd3 Qg4 20. Ne1 Bxg2 21. Nxg2 Ne5 22. Qc3 Bd4 23. Qa5 Bb6 24. Nxb6+ cxb6 25. Qxe5 hxg5 26. Qg3 Qxe2 27. Ne3 Qxb2 28. Qg4+ Kb8 29. Rd1 Rxd1+ 30. Qxd1 Qxa2 31. Qd8+ Ka7 32. Qxg5 Qb1+ 33. Kg2 Qe4+ 34. Kf1 Qd3+ 35. Ke1 Qc3+ 36. Ke2 Qb2+ 37. Kf3 f6 38. Qf4 Qc3 39. h4 a5 40. h5 a4 41. h6 Qd3 42. Qf5 Qd8 43. h7 a3 44. Qd5 Qh8 45. Qd3 Qg7 46. Qxa3+ Kb8 47. Qd3 Ka7 48. Qf5 Qh6 49. Ng4 Qh3+ 50. Kf4 Qh4 51. Qxf6 Qh5 52. h8=Q Qxg4+ 53. Kxg4 b5 54. Qa1+ Kb6 55. Qhd4+ Kc7 56. Qc5+ Kd8 57. Qf6+ Kd7 58. Qfe7# 1-0


[Site "https://www.chess.com"]

[Event "Titled Tuesday Blitz May 30 Early 2023"]
[White "Sharapov, Evgeny"]
[Black "Kuznetsov, Mikhail"]
[WhiteFideId "14103133"]
[BlackFideId "4117190"]
[WhiteElo "2367"]
[BlackElo "1981"]
[Result "0-1"]
[Round "11"]
[TimeControl "180+2"]
[Date "2023.05.30"]
[WhiteClock "0:00:32"]
[BlackClock "0:00:54"]

1. e4 c6 2. d4 d5 3. e5 Bf5 4. Be3 e6 5. c4 Ne7 6. Nc3 dxc4 7. Bxc4 Nd5 8. Nge2 Nd7 9. O-O Be7 10. Ng3 Bg6 11. Nce4 O-O 12. Qg4 c5 13. Bxd5 exd5 14. Nxc5 Bxc5 15. dxc5 Nxe5 16. Qd4 Nc6 17. Qd2 d4 18. Bf4 Qd5 19. Bd6 Rfe8 20. Rfe1 h5 21. h4 d3 22. Nf1 Nd4 23. Ne3 Qc6 24. Rad1 Be4 25. Kf1 Re6 26. f3 Bxf3 27. gxf3 Qxf3+ 28. Kg1 Ne2+ 29. Rxe2 dxe2 30. Re1 Rxe3 31. Qd4 Re4 0-1


[Site "https://www.chess.com"]

[Event "Titled Tuesday Blitz May 30 Early 2023"]
[White "Jegorovas, Aleksandras"]
[Black "February, Jesse Nikki"]
[WhiteFideId "12801950"]
[BlackFideId "14312336"]
[WhiteElo "2247"]
[BlackElo "1824"]
[Result "1/2-1/2"]
[Round "11"]
[TimeControl "180+2"]
[Date "2023.05.30"]
[WhiteClock "0:00:21"]
[BlackClock "0:00:22"]

1. Nf3 d5 2. e3 c5 3. c4 e6 4. b3 Nc6 5. Bb2 Nf6 6. cxd5 exd5 7. Bb5 a6 8. Bxc6+ bxc6 9. O-O Bg4 10. d4 cxd4 11. Qxd4 Bxf3 12. gxf3 Bd6 13. Nd2 c5 14. Qa4+ Qd7 15. Qxd7+ Kxd7 16. Bxf6 gxf6 17. Rfd1 Rhg8+ 18. Kh1 Rg5 19. f4 Rh5 20. Nf1 d4 21. Ng3 Rh4 22. Nf5 Rg4 23. h3 Rg6 24. exd4 Bxf4 25. dxc5+ Kc7 26. Ne7 Be5 27. Nxg6 Bxa1 28. Ne7 Be5 29. Kg2 Re8 30. Nf5 Rg8+ 31. Kf3 Rg5 32. Ne3 Rh5 33. b4 Rxh3+ 34. Ke4 Rh4+ 35. Kf3 Rf4+ 36. Ke2 Rd4 37. Rxd4 Bxd4 38. Nf5 Bc3 39. a3 Bb2 40. a4 Ba3 41. Ne3 Kc6 42. Nc2 Bb2 43. Kd3 h5 44. Kc4 h4 45. Ne3 h3 46. b5+ axb5+ 47. axb5+ Kb7 48. c6+ Kc8 49. Ng4 Be5 50. f4 Bxf4 51. b6 h2 52. Nxh2 Bxh2 53. Kd5 f5 54. c7 Bxc7 55. bxc7 Kxc7 56. Ke5 Kd7 57. Kxf5 Ke7 58. Ke5 f6+ 59. Kf5 Kf7 60. Kf4 Ke6 61. Ke4 f5+ 62. Kf4 Kf6 63. Kf3 Ke5 64. Ke3 f4+ 65. Kf3 Kf5 66. Kf2 Ke4 67. Ke2 f3+ 68. Kf2 Kf4 69. Kf1 Ke3 70. Ke1 f2+ 71. Kf1 Kf3 1/2-1/2


[Site "https://www.chess.com"]

[Event "Titled Tuesday Blitz May 30 Early 2023"]
[White "Bashkansky, Ethan"]
[Black "Herman, Daniel"]
[WhiteFideId "2071533"]
[BlackFideId "30935008"]
[WhiteElo "2327"]
[BlackElo "1897"]
[Result "0-1"]
[Round "11"]
[TimeControl "180+2"]
[Date "2023.05.30"]
[WhiteClock "0:00:04"]
[BlackClock "0:00:09"]

1. d4 Nf6 2. c4 e6 3. Nc3 Bb4 4. Qc2 d5 5. cxd5 Qxd5 6. Nf3 O-O 7. Bd2 Bxc3 8. Bxc3 Qf5 9. Qxf5 exf5 10. e3 Be6 11. Bd3 Nbd7 12. O-O g6 13. a3 Rfe8 14. Rac1 c6 15. Bb4 Ne4 16. Nd2 Bd5 17. Nxe4 fxe4 18. Be2 a5 19. Bc5 a4 20. Rc3 f5 21. Bd1 Kg7 22. h4 Nf6 23. Bd6 Be6 24. Be5 Kf7 25. Bxf6 Kxf6 26. Rc5 Bd5 27. Rc3 h6 28. g3 g5 29. hxg5+ hxg5 30. Kg2 Rh8 31. Rh1 Rxh1 32. Kxh1 Ke6 33. Kg2 b5 34. Be2 Rf8 35. Rc1 f4 36. Bg4+ Kd6 37. Rh1 f3+ 38. Kf1 Bc4+ 39. Ke1 Bd3 40. Kd2 Rf6 41. Rh8 c5 42. Rd8+ Ke7 43. Rd7+ Ke8 44. dxc5 Rh6 45. Kc3 Rh2 46. c6 Rxf2 47. Rxd3 exd3 48. Kxd3 Kd8 49. Kc3 Kc7 50. Bd7 Re2 51. Bg4 Rxe3+ 52. Kd2 Re2+ 53. Kd3 Rxb2 54. Bxf3 Rb3+ 55. Ke4 Rxa3 56. Bg2 Rxg3 57. Bf3 a3 58. Bd1 a2 59. Bc2 a1=Q 60. Kd5 Rd3+ 61. Ke6 Qe1+ 62. Kf5 Rf3+ 63. Kg4 Qg3+ 64. Kh5 Rf4 65. Kg6 Rh4 66. Kf5 g4 67. Kg5 Qf3 68. Kg6 g3 69. Kg7 Rg4+ 70. Bg6 g2 71. Kh6 Qf4+ 72. Kh7 Qf6 73. Kg8 Qxg6+ 74. Kh8 Qg7# 0-1


[Site "https://www.chess.com"]

[Event "Titled Tuesday Blitz May 30 Early 2023"]
[White "Ziatdinov, Raset"]
[Black "Gatterer, Florian"]
[WhiteFideId "2015323"]
[BlackFideId "811688"]
[WhiteElo "2220"]
[BlackElo "2221"]
[Result "1-0"]
[Round "11"]
[TimeControl "180+2"]
[Date "2023.05.30"]
[WhiteClock "0:00:50"]
[BlackClock "0:01:15"]

1. e4 c5 2. Nf3 e6 3. d4 cxd4 4. Nxd4 Nf6 5. Nc3 Nc6 6. Ndb5 Bc5 7. Bf4 O-O 8. Bd6 Bxd6 9. Qxd6 a6 10. Nd4 Nxd4 11. Qxd4 d5 12. e5 Nd7 13. f4 g6 14. O-O-O b5 15. h4 Qb6 16. Qd3 Nc5 17. Qg3 b4 18. Ne2 Ne4 19. Qf3 Bb7 20. h5 Qf2 21. hxg6 fxg6 22. Qh3 Rf7 23. Qxe6 Qe3+ 24. Kb1 Nd2+ 25. Rxd2 Qxd2 26. Rxh7 Kxh7 27. Qxf7+ Kh6 28. Nc1 Rc8 29. Bd3 Rc6 30. e6 1-0


[Site "https://www.chess.com"]

[Event "Titled Tuesday Blitz May 30 Early 2023"]
[White "Schuh, Karsten"]
[Black "Mikhaylova, Irina"]
[WhiteFideId "4637950"]
[BlackFideId "4109040"]
[WhiteElo "2138"]
[BlackElo "1975"]
[Result "1-0"]
[Round "11"]
[TimeControl "180+2"]
[Date "2023.05.30"]
[WhiteClock "0:00:16"]
[BlackClock "0:00:06"]

1. Nf3 Nf6 2. c4 g6 3. b4 Bg7 4. Bb2 O-O 5. g3 c6 6. Bg2 d5 7. Na3 Be6 8. Nd4 Bc8 9. Nf3 Be6 10. Qc2 Bf5 11. d3 a5 12. b5 dxc4 13. Qxc4 cxb5 14. Qxb5 Nc6 15. O-O a4 16. Nc4 a3 17. Nxa3 Qa5 18. Qxa5 Nxa5 19. Rfc1 Rac8 20. Nd2 Be6 21. Nac4 Bd5 22. Bxd5 Nxd5 23. Bxg7 Kxg7 24. Rab1 Ra8 25. a3 Nxc4 26. Nxc4 b6 27. Rb5 e6 28. Rb3 Rfc8 29. Rcb1 Rc6 30. e4 Nc7 31. Rxb6 Rxb6 32. Rxb6 Na6 33. Rb5 Rc8 34. a4 Nc5 35. Ne5 Rc7 36. a5 f6 37. Nc4 Nxd3 38. Nd6 Ra7 39. Nc8 Rc7 40. Nd6 Ra7 41. Kf1 Ne5 42. f4 Nc6 43. Nc4 Rc7 44. a6 Ra7 45. Rb7+ Rxb7 46. axb7 Nb8 47. Ke2 Kf7 48. Kd3 Ke7 49. Kd4 Kd7 50. Kc5 Kc7 51. Na5 Nd7+ 52. Kd4 Nb8 53. f5 exf5 54. exf5 gxf5 55. Kd5 Kb6 56. Nc4+ Kxb7 57. Ke6 Kc6 58. Kxf5 Kd5 59. Nb6+ Kd6 60. Kxf6 Nc6 61. Kg7 Ne5 62. Kxh7 Nf3 63. h4 Ke5 64. h5 Kf5 65. h6 Kg4 66. Kg7 Ng5 67. Nd5 Ne6+ 68. Kf6 Ng5 69. Kg6 Ne6 70. Nf6+ Kxg3 71. Kf5 Nf8 72. Nd7 Nh7 73. Kg6 Kh4 74. Kxh7 Kg5 75. Kg7 1-0


[Site "https://www.chess.com"]

[Event "Titled Tuesday Blitz May 30 Early 2023"]
[White "Zenin, Dmitry"]
[Black "Acikel, Mert"]
[WhiteFideId "4127897"]
[BlackFideId "12956465"]
[WhiteElo "2215"]
[BlackElo "2097"]
[Result "0-1"]
[Round "11"]
[TimeControl "180+2"]
[Date "2023.05.30"]
[WhiteClock "0:00:12"]
[BlackClock "0:00:57"]

1. d4 d5 2. c4 e6 3. Nc3 Nf6 4. cxd5 exd5 5. Bg5 c6 6. e3 Be7 7. Qc2 h6 8. Bh4 O-O 9. Bd3 Re8 10. Nf3 Ne4 11. Bxe7 Qxe7 12. O-O Bf5 13. Ne5 Nd7 14. Nxd7 Qxd7 15. f3 Nd6 16. e4 dxe4 17. fxe4 Bg6 18. Rad1 Rad8 19. e5 Bxd3 20. Qxd3 Nc8 21. Qf3 Qe6 22. a3 Ne7 23. Ne4 Nd5 24. Nd6 Re7 25. Nf5 Red7 26. h4 Qg6 27. h5 Qg5 28. Qh3 Nf4 29. Rxf4 Qxf4 30. Rf1 Qg5 31. Rf3 Rxd4 32. Rg3 Qc1+ 33. Kh2 Rd1 34. Rxg7+ Kh8 35. Qg4 Rh1+ 36. Kg3 Rd3+ 0-1


[Site "https://www.chess.com"]